 Dungeon Crawl Stone Soup version 0.28-a0-381-g937acc2988 (webtiles) character file.

Game seed: 15221544331645998007

94 dolemite99 the Firebug (level 4, -3/40 HPs)
             Began as an Ogre Fire Elementalist on Sept 2, 2021.
             Slain by Natasha (5 damage)
             ... on level 2 of the Dungeon.
             The game lasted 00:04:02 (5045 turns).

dolemite99 the Firebug (Ogre Fire Elementalist)     Turns: 5045, Time: 00:04:03

Health: -3/40      AC:  3    Str: 12    XL:     4   Next: 63%
Magic:  3/7        EV:  9    Int: 17    God:
Gold:   36         SH:  0    Dex:  9    Spells: 4/8 levels left

rFire   . . .      SeeInvis .   v - +0 hunting sling
rCold   . . .      Faith    .   (no shield)
rNeg    . . .      Spirit   .   a - +0 robe
rPois   .          Reflect  .   (helmet restricted)
rElec   .          Harm     .   (no cloak)
rCorr   .          Rampage  .   (gloves unavailable)
Will    .....                   (boots unavailable)
Stlth   +.........              (no amulet)
HPRegen 0.13/turn               (no ring)
MPRegen 0.10/turn               (no ring)

@: no status effects
A: large, unfitting armour, tough skin 1
a: no special abilities


You were on level 2 of the Dungeon.
You visited 1 branch of the dungeon, and saw 2 of its levels.

You collected 36 gold pieces.

Inventory:

Hand Weapons
 g - a +0 mace
 v - a +0 hunting sling (weapon)
Missiles
 n - 60 arrows
 s - 17 bolts
 w - 36 stones (quivered ammo)
Armour
 a - a +0 robe (worn)
Jewellery
 i - a +4 ring of evasion
 t - an amulet of the acrobat
Scrolls
 b - a scroll of enchant weapon {unknown}
 e - 2 scrolls of amnesia
 f - a scroll of magic mapping {unknown}
 m - a scroll of noise {unknown}
 q - 2 scrolls of identify {unknown}
 r - a scroll of enchant armour {unknown}
 u - a scroll of summoning {unknown}
Potions
 c - a potion of might {unknown}
 d - a potion of brilliance {unknown}
 h - a potion of curing
 j - 4 potions of heal wounds {unknown}
 k - 2 potions of attraction {unknown}
 l - a potion of cancellation {unknown}
 o - a potion of invisibility {unknown}
 p - a potion of flight {unknown}


   Skills:
 + Level 0.8 Fighting
 - Level 1.7 Dodging
 - Level 1.4 Stealth
 + Level 2.5 Spellcasting
 - Level 3.1 Conjurations
 - Level 3.3 Fire Magic


You had 4 spell levels left.
You knew the following spells:

 Your Spells              Type           Power      Damage    Failure   Level
a - Conjure Flame         Conj/Fire      13%        6-21      14%         3
b - Foxfire               Conj/Fire      52%        2x1d6     4%          1

Your spell library contained the following spells:

 Spells                   Type           Power      Damage    Failure   Level
 Inner Flame              Hex/Fire       7%         N/A       26%         3
 Sticky Flame             Conj/Fire      13%        2d4       43%         4
 Fireball                 Conj/Fire      6%         3d5       80%         5


Dungeon Overview and Level Annotations

Branches:
Dungeon (2/15)

Altars:

Annotations:
D:2 Natasha


Innate Abilities, Weirdness & Mutations

You are too large for most types of armour.
You have tough skin. (AC +1)


Message History

The puff of frost hits you!
Casting: Foxfire (safe; 4% risk of failure)
Confirm with . or Enter, or press ? or * to list all spells.
You conjure some foxfire!
Natasha casts a spell at you. The magic dart hits you.
The white imp gestures at you. The puff of frost misses you.
The foxfire hits Natasha.
Natasha is moderately wounded.
The foxfire hits the white imp but does no damage.
Natasha claws you but does no damage.
The white imp hits you but does no damage.
Casting: Foxfire (safe; 4% risk of failure)
Confirm with . or Enter, or press ? or * to list all spells.
You conjure some foxfire!
Natasha claws you!
* * * LOW HITPOINT WARNING * * *
The white imp hits you but does no damage.
The foxfire hits the white imp.
The white imp is lightly wounded.
The foxfire hits Natasha.
Natasha is severely wounded.
Natasha barely misses you. The white imp gestures at you.
The puff of frost hits you!
* * * LOW HITPOINT WARNING * * *
Casting: Foxfire (safe; 4% risk of failure)
Confirm with . or Enter, or press ? or * to list all spells.
You conjure some foxfire!
Natasha wildly gestures.
You feel troubled. Natasha claws you but does no damage.
The white imp shouts, "Take thy face hence, thou artless hell-hated nert!"
The white imp closely misses you.
The foxfire hits the white imp but does no damage.
The white imp is lightly wounded.
The foxfire hits Natasha.
Natasha is almost dead.
Natasha claws you.
You die...

#.............#
###.#########'## #######.#
#.......# #....##.#
#.......#### #####'##.##.#
#.......'..# .......#.##.#
#....)..##.# .......#....#
#.......##.#
.......#########h5.....##.#
................@.>######.#
#########..###.##########.#
#..# #.# #.....# #.<#
#.########.### #.##
#..........# #
##'####..######### ##
#...#....###### .##
#...#.........# ..##
#...#.......#.#


You could see Natasha and a white imp (summoned).

Vanquished Creatures
  Natasha (D:2)
  Robin (D:2)
  3 worms
  A bat (D:1)
  5 endoplasms
  A giant cockroach (D:2)
  9 goblins
  8 hobgoblins
  3 kobolds
  A quokka (D:2)
  7 ball pythons
  3 rats
43 creatures vanquished.

Vanquished Creatures (others)
  165 foxfires
165 creatures vanquished.

Grand Total: 208 creatures vanquished

Notes
Turn   | Place    | Note
-------+----------+-------------------------------------------
     0 | D:1      | dolemite99 the Ogre Fire Elementalist began the quest for
                  | the Orb.
     0 | D:1      | Reached XP level 1. HP: 16/16 MP: 3/3
   170 | D:1      | Reached skill level 1 in Conjurations
   767 | D:1      | Reached XP level 2. HP: 6/24 MP: 1/5
  1476 | D:1      | Found a faded altar of an unknown god.
  2011 | D:2      | Noticed Natasha
  2021 | D:2      | Killed Natasha
  2022 | D:2      | Reached XP level 3. HP: 7/31 MP: 1/6
  2360 | D:2      | Learned a level 3 spell: Conjure Flame
  2362 | D:2      | Learned a level 1 spell: Foxfire
  2800 | D:2      | Noticed Robin
  2851 | D:1      | Reached XP level 4. HP: 21/39 MP: 0/7
  3599 | D:2      | Killed Robin
  5034 | D:2      | Noticed Natasha
  5043 | D:2      | HP: 2/40 [white imp/puff of frost[Natasha] (7)]
  5045 | D:2      | Slain by Natasha

Illustrated notes

Levels and vault maps discovered:
D:1:      dpeg_arrival_brainrot, layout_loops_ring, basic_ecumenical_altar,
          st_stairs_4
D:2:      minmay_alternating_diamond, layout_basic, uniq_natasha, uniq_robin

Skill      XL: |  1  2  3 |
---------------+----------+-----
Conjurations   | 1 3 |  3.1
Fire Magic     | 3 |  3.3
Fighting       | |  0.8
Dodging        | |  1.7
Stealth        | |  1.4
Spellcasting   | |  2.5

Action                   |  1- 3 |  4- 6 || total
-------------------------+-------+-------++-------
Melee: Mace              |     9 |       ||     9
 Cast: Foxfire           |    51 |    39 ||    90
  Use: Scroll            |     1 |       ||     1
Armor: Robe              |    23 |    11 ||    34
Dodge: Dodged            |    32 |     8 ||    40

Table legend: (Time is in decaauts)
 A = Elapsed time spent in this place.
 B = Non-inter-level travel time spent in this place.
 C = Inter-level travel time spent in this place.
 D = Time resting spent in this place.
 E = Time spent auto-exploring this place.
 F = Levels seen in this place.
 G = Mean time per level.
                   A        B        C        D        E       F      G
               +--------+--------+--------+--------+--------+-----+--------+
         Total |   5049 |   4951 |     98 |   3062 |   1270 |   2 | 2524.5 |
       Dungeon |   5049 |   4951 |     98 |   3062 |   1270 |   2 | 2524.5 |
               +--------+--------+--------+--------+--------+-----+--------+

Top non-repeatable levels by time:
     D:2: 2565 daAuts
     D:1: 2484 daAuts
